 Dungeon Crawl Stone Soup version 0.29-a0-506-ga2e7fffb44 (console) character file.

Game seed: 8657398318052540745

1546 silena the Chopper (level 8, -8/64 HPs)
             Began as a Mummy Wanderer on May 29, 2022.
             Was an Initiate of Gozag.
             Mangled by a hornet (10 damage)
             ... on level 6 of the Dungeon.
             The game lasted 00:10:48 (6276 turns).

silena the Chopper (Mummy Wanderer)                 Turns: 6276, Time: 00:10:48

Health: -8/64      AC: 13    Str: 16    XL:     8   Next: 57%
Magic:  0/12       EV: 11    Int: 12    God:    Gozag
Gold:   320        SH:  0    Dex: 12    Spells: 11/12 levels left

rFire   x . .      SeeInvis .   m - +0 war axe
rCold   + . .      Faith    .   (no shield)
rNeg    + + +      Spirit   +   c - +0 leather armour
rPois   ∞          Reflect  .   h - +0 helmet
rElec   .          Harm     .   (no cloak)
rCorr   .          Rampage  .   (no gloves)
Will    +....                   u - +0 pair of boots
Stlth   +.........              t - amulet of guardian spirit
HPRegen 0.20/turn               o - +4 ring of protection
MPRegen 0.13/turn               g - +4 ring of protection

@: gold aura
A: cold resistance 1, negative energy resistance 3, torment resistance 2, heat
vulnerability 1, in touch with death 1, no potions
a: Renounce Religion, Potion Petition, Call Merchant, Bribe Branch


You were on level 6 of the Dungeon.
You worshipped Gozag.
Gozag was aware of your devotion.
You visited 2 branches of the dungeon, and saw 7 of its levels.

You collected 407 gold pieces.
You paid 87 gold pieces to Gozag.

Inventory:

Hand Weapons
 a - a +3 shortbow
 i - a +0 quarterstaff
 m - a +0 war axe (weapon)
Missiles
 e - a poisoned dart (quivered)
 r - a throwing net
Armour
 c - a +0 leather armour (worn)
 h - a +0 helmet (worn)
 u - a +0 pair of boots (worn)
Jewellery
 g - a +4 ring of protection (right hand)
 o - a +4 ring of protection (left hand)
 p - a ring of resist corrosion
 t - an amulet of guardian spirit (around neck)
Scrolls
 b - 2 scrolls of teleportation
 d - a scroll of poison {unknown}
 f - a scroll of immolation
 j - 3 scrolls of fog
 k - a scroll of vulnerability {unknown}
 l - a scroll of amnesia
 n - a scroll of enchant weapon
 q - a scroll of silence
 s - 3 scrolls of identify
 v - a scroll of magic mapping {unknown}


   Skills:
 - Level 6.0 Fighting
 + Level 7.5 Axes
 - Level 1.5 Bows
 - Level 2.0 Throwing
 - Level 2.6 Spellcasting
 - Level 1.5 Air Magic
 - Level 1.0 Evocations


You had 11 spell levels left.
You knew the following spells:

 Your Spells              Type           Power      Damage    Failure   Level
a - Shock                 Conj/Air       12%        1d3       22%         1

Your spell library contained the following spells:

 Spells                   Type           Power      Damage    Failure   Level
 Ensorcelled Hibernation  Hex/Ice        2%         N/A       43%         2
 Passwall                 Tmut/Erth      0%         N/A       43%         2
 Swiftness                Air            5%         N/A       45%         3
 Mephitic Cloud           Conj/Pois/Air  2%         N/A       58%         3
 Conjure Flame            Conj/Fire      1%         6-21      67%         3
 Ignite Poison            Fire/Tmut/Pois 1%         N/A       67%         3
 Tukima's Dance           Hex            1%         N/A       67%         3
 Passage of Golubria      Tloc           1%         N/A       97%         4
 Sticky Flame             Conj/Fire      1%         2d3       97%         4
 Yara's Violent Unravell  Hex/Tmut       0%         3d3       100%        5


Dungeon Overview and Level Annotations

Branches:
Dungeon (6/15)             Temple (1/1) D:5

Altars:
Ashenzari
Cheibriados
Dithmenos
Elyvilon
Fedhas
Gozag
Hepliaklqana
Kikubaaqudgha
Makhleb
Nemelex Xobeh
Okawaru
Qazlal
Ru
Sif Muna
Trog
Uskayaw
Vehumet
Wu Jian
Xom
Yredelemnul
Zin
The Shining One

Shops:
D:3 [   D:5 (

Annotations:
D:2 Natasha
D:3 3 runed translucent doors, hquester's ghost, amateur SpHu
D:6 1 runed translucent door, Crazy Yiuf


Innate Abilities, Weirdness & Mutations

You are immune to poison.
Your flesh is cold resistant. (rC+)
You are immune to negative energy. (rN+++)
You are immune to unholy pain and torment.
You are vulnerable to heat. (rF-)
You are in touch with the powers of death.
You do not drink.


Message History

* * * LOW HITPOINT WARNING * * *
The hornet stings you but does no damage.
You miss the hornet.
The hornet is severely wounded.
The hornet looks more healthy.
The hornet stings you but does no damage.
You hit the hornet but do no damage.
The hornet is almost dead.
The hornet barely misses you.
The hornet stings you but does no damage.
You hit the hornet.
The hornet is almost dead.
The hornet stings you!
* * * LOW HITPOINT WARNING * * *
The hornet stings you but does no damage.
You aren't carrying any items that you can evoke.
Unknown command.
You miss the hornet.
The hornet is almost dead.
The hornet closely misses you.
You barely miss the hornet.
The hornet is almost dead.
The hornet stings you but does no damage. x2
You hit the hornet but do no damage.
The hornet is almost dead.
The hornet stings you but does no damage.
The hornet misses you.
You barely miss the hornet.
The hornet is almost dead.
The hornet misses you.
You closely miss the hornet.
The hornet is almost dead.
The hornet stings you but does no damage.
The hornet stings you.
* * * LOW HITPOINT WARNING * * *
You barely miss the hornet.
The hornet is almost dead.
The hornet stings you!
You die...
Your body crumbles into a pile of gold.

.#.....(.......#####)...##.# ##
###.#.########..y.y..#.(##.# #.
##..# #######...###.#####. ##.#
##.## #....... .## #y# #..####. #
#.# #..# #. #.# #..# ## #######.#
#..# #.@y.(..# #..##### #.#######
#....... ######.####### #.######
#............# #.######
#.####.#####.# #....... #.# ##.##
#.# #######.
##########.###.#.####.### #.
.+............###...<...#########
....######.###.#.###......♣.♣.♣.8


You could see a hornet.

Vanquished Creatures
  Edmund (D:6)
  Menkaure (D:4)
  A water moccasin (D:5)
  An orc warrior (D:6)
  An ogre (D:6)
  A centaur (D:5)
  Blork the orc (D:5)
  A bullfrog (D:6)
  A scorpion (D:6)
  A necrophage (D:3)
  6 hounds
  A jelly (D:4)
  2 orc priests
  2 iguanas
  5 orc wizards
  Robin (D:2)
  4 gnolls
  6 adders
  An ufetubus (D:5)
  3 worms
  8 dart slugs
  19 orcs
  7 bats
  6 endoplasms
  2 giant cockroaches
  13 goblins
  8 hobgoblins
  2 jackals (D:4)
  8 kobolds
  3 training dummies (D:5)
  7 ball pythons
  3 frilled lizards
  3 rats
130 creatures vanquished.

Vanquished Creatures (others)
  17 fungi (D:4)
17 creatures vanquished.

Grand Total: 147 creatures vanquished

Notes
Turn   | Place    | Note
-------+----------+-------------------------------------------
     0 | D:1      | silena the Mummy Wanderer began the quest for the Orb.
     0 | D:1      | silena set off with the following items: a +3 shortbow, a
                  | scroll of teleportation, a +0 leather armour; and the
                  | following spell memorised: Shock; and the following spells
                  | available to memorise: Mephitic Cloud
     0 | D:1      | Reached XP level 1. HP: 18/18 MP: 4/4
   140 | D:1      | Reached XP level 2. HP: 24/24 MP: 5/5
   509 | D:1      | Gained mutation: You are in touch with the powers of death.
                  | [Mummy growth]
   509 | D:1      | Reached XP level 3. HP: 29/30 MP: 7/7
   647 | D:1      | Reached skill level 1 in Throwing
   840 | D:2      | Noticed Robin
   846 | D:2      | Killed Robin
  1121 | D:2      | Reached XP level 4. HP: 38/38 MP: 8/8
  1477 | D:2      | Noticed Natasha
  2032 | D:3      | Noticed a necrophage
  2040 | D:3      | Killed a necrophage
  2041 | D:3      | Reached skill level 5 in Fighting
  2041 | D:3      | Reached XP level 5. HP: 43/44 MP: 9/9
  2135 | D:3      | Found a runed translucent gate.
  2135 | D:3      | Found a runed translucent gate.
  2135 | D:3      | Found a runed translucent gate.
  2135 | D:3      | Noticed hquester's ghost (amateur SpHu)
  2414 | D:3      | Found Folim's Antique Armour Boutique.
  2760 | D:4      | Reached skill level 1 in Axes
  2889 | D:4      | Noticed Menkaure
  3109 | D:4      | Reached XP level 6. HP: 52/52 MP: 10/10
  3331 | D:4      | Reached skill level 2 in Axes
  3821 | D:4      | Found a stormy altar of Qazlal.
  3832 | D:4      | Killed Menkaure
  3833 | D:4      | Reached skill level 3 in Axes
  3886 | D:5      | Entered Level 5 of the Dungeon
  3886 | D:5      | Noticed Blork the orc
  3891 | D:5      | Noticed a water moccasin
  3894 | D:4      | Reached XP level 7. HP: 58/58 MP: 11/11
  3934 | D:5      | Found Cuvigics's Firing Range.
  4034 | D:5      | Reached skill level 4 in Axes
  4104 | D:5      | Killed Blork the orc
  4190 | D:5      | Reached skill level 5 in Axes
  4608 | D:5      | Reached XP level 8. HP: 48/64 MP: 8/12
  4654 | D:5      | Reached skill level 6 in Axes
  4783 | D:5      | Found a staircase to the Ecumenical Temple.
  4792 | Temple   | Entered the Ecumenical Temple
  4889 | Temple   | Became a worshipper of Gozag Ym Sagoz the Greedy
  4986 | D:6      | Noticed Edmund
  5130 | D:6      | HP: 3/64 [Edmund/+0 flail of protection (5)]
  5927 | D:6      | Killed Edmund
  6125 | D:6      | Found a runed translucent door.
  6126 | D:6      | Noticed Crazy Yiuf
  6172 | D:6      | Reached skill level 7 in Axes
  6224 | D:6      | Noticed a hornet
  6270 | D:6      | HP: 3/64 [hornet (10)]
  6275 | D:6      | HP: 1/64 [hornet (3)]
  6276 | D:6      | Mangled by a hornet

Illustrated notes

Levels and vault maps discovered:
D:1:      dpeg_arrival_simpleton_b, layout_basic, minmay_misc_feat_tiny
D:2:      layout_basic, uniq_natasha, uniq_robin
D:3:      layout_loops_ring, serial_shops, nicolae_shop_trees,
          gammafunk_ghost_nasty_kobolds, grunt_decor_arrowhead
D:4:      layout_loops_ring, mainiacjoe_overflow_chevrons,
          hangedman_decor_riveting, uniq_menkaure
D:5:      layout_cave_pools, minmay_temple_entry_glassed_door,
          nicolae_shop_firing_range, uniq_blork_the_orc
D:6:      layout_loops_ring, chequers_avenue, uniq_crazy_yiuf_cottage,
          uniq_edmund
Temple:   compressed_dpeg_circular_temple

Skill      XL: |  1  2  3  4  5  6  7  8 |
---------------+-------------------------+-----
Fighting       | 4 5 6 |  6.0
Throwing       | 1 2 |  2.0
Axes           | 1 3 5 7 |  7.5
Bows           | |  1.5
Spellcasting   | |  2.6
Air Magic      | |  1.5
Evocations     | |  1.0

Action                   |  1- 3 |  4- 6 |  7- 9 || total
-------------------------+-------+-------+-------++-------
Melee: War axe           |       |   124 |   192 ||   316
       Punch             |       |     3 |     4 ||     7
 Fire: Shortbow          |    85 |    63 |       ||   148
Throw: Dart              |       |       |    28 ||    28
  Use: Scroll            |       |     4 |     5 ||     9
 Stab: Sleeping          |       |     1 |       ||     1
Armor: Leather armour    |    12 |    72 |   110 ||   194
Dodge: Dodged            |    20 |    98 |   125 ||   243

Table legend: (Time is in decaauts)
 A = Elapsed time spent in this place.
 B = Non-inter-level travel time spent in this place.
 C = Inter-level travel time spent in this place.
 D = Time resting spent in this place.
 E = Time spent auto-exploring this place.
 F = Levels seen in this place.
 G = Mean time per level.
                   A        B        C        D        E       F      G
               +--------+--------+--------+--------+--------+-----+--------+
         Total |   6443 |   6047 |    396 |   1391 |   3141 |   7 |  920.4 |
       Dungeon |   6312 |   5972 |    340 |   1391 |   3086 |   6 | 1052.0 |
        Temple |    130 |     74 |     56 |      0 |     55 |   1 |  130.0 |
               +--------+--------+--------+--------+--------+-----+--------+

Top non-repeatable levels by time:
     D:6: 1292 daAuts
     D:4: 1279 daAuts
     D:3: 1051 daAuts
     D:1: 936 daAuts
     D:2: 899 daAuts
     D:5: 854 daAuts
  Temple: 130 daAuts
